 Dungeon Crawl Stone Soup version 0.17.1-3-g152610e (webtiles) character file.

78 inmateoo the Charmwright (level 4, -14/30 HPs)
             Began as a High Elf Skald on Feb 22, 2016.
             Demolished by an orc
             ... wielding a +0 hand axe of electrocution
              (19 damage)
             ... on level 3 of the Dungeon.
             The game lasted 00:02:45 (1757 turns).

inmateoo the Charmwright (High Elf Skald)           Turns: 1757, Time: 00:02:45

Health: -14/30     AC:  6    Str: 12    XL:     4   Next: 15%
Magic:  7/9        EV: 10    Int: 15    God:
Gold:   84         SH:  0    Dex: 15    Spells: 3 memorised, 3 levels left

rFire  . . .     SeeInvis .     r - +0 dagger (venom)
rCold  . . .     Clarity  .     h - +0 ring mail
rNeg   . . .     SustAt   .     (no shield)
rPois  +         Gourm    .     p - +0 helmet
rElec  .         Spirit   .     (no cloak)
rCorr  .         Warding  .     (no gloves)
rMut   .         Stasis   .     (no boots)
MR     .....                    (no amulet)
Stlth  +.........               (no ring)
                                e - ring of poison resistance

@: infused, not resistant to hostile enchantments, very unstealthy
A: no striking features
a: no special abilities


You were on level 3 of the Dungeon.
You were hungry.

You visited 1 branch of the dungeon, and saw 3 of its levels.

You collected 84 gold pieces.

Inventory:

Hand Weapons
 a - a +0 short sword
 r - a +0 dagger of venom (weapon)
Armour
 h - a +0 ring mail (worn)
 p - a +0 helmet (worn)
Jewellery
 e - a ring of poison resistance (left hand)
Scrolls
 b - a scroll of fear {unknown}
 f - a scroll of enchant armour {unknown}
 i - a scroll of remove curse {unknown}
 l - 2 scrolls of fog {unknown}
 m - a scroll of immolation {unknown}
 n - a scroll of teleportation {unknown}
 o - a scroll of identify {unknown}
Potions
 g - a potion of invisibility {unknown}
 j - a potion of flight {unknown}
 k - a potion of brilliance {unknown}
Books
 c - a book of Battle

   Spells                             Type                      Level
   a - Infusion                       Charms                       1
   b - Shroud of Golubria             Charms/Translocation         2
   c - Song of Slaying                Charms                       2
   d - Spectral Weapon                Hexes/Charms                 3
   e - Regeneration                   Charms/Necromancy            3
Comestibles
 d - a bread ration
 q - a slice of pizza


   Skills:
 + Level 2.4 Fighting
 * Level 3.4 Short Blades
 + Level 1.7 Armour
 + Level 1.5 Dodging
 + Level 2.8 Spellcasting
 + Level 4.1 Charms


You had 3 spell levels left.
You knew the following spells:

 Your Spells              Type           Power        Failure   Level  Hunger
a - Infusion              Chrm           ##....       12%         1    #......
b - Song of Slaying       Chrm           ##......     14%         2    ##.....
c - Shroud of Golubria    Chrm/Tloc      #.........   34%         2    ##.....


Dungeon Overview and Level Annotations

Branches:
Dungeon (3/15)

Altars:
Ashenzari
Gozag


Message History

The orc hits you with a hand axe of electrocution.
The orc closely misses you.
You hit the orc.
The orc is severely wounded.
The orc barely misses you.
You closely miss the orc.
The orc is severely wounded.
The orc hits you with a hand axe of electrocution.
You hit the orc but do no damage.
The orc looks even sicker.
The orc is severely wounded.
The orc barely misses you. The orc hits you but does no damage.
You are electrocuted!
Ouch! That really hurt!
* * * LOW HITPOINT WARNING * * *
You closely miss the orc.
The orc is almost dead.
The orc barely misses you. The orc hits you but does no damage.
You are electrocuted!
Ouch! That really hurt!
You die...

#........
#.......#
#....... #...#..
. ..... .# ...
#.#.##..#.
###..##)#.......
#....oo@......#
.....#o.##.#..#
#.. #..# # .
#... #.## #. ##


You could see 3 orcs.

Vanquished Creatures
  3 adders (D:2)
  A worm (D:2)
  5 giant geckos
  An orc (D:3)
  5 goblins
  7 hobgoblins
  9 bats
  3 giant newts (D:2)
  4 kobolds
  5 rats
43 creatures vanquished.

Notes
Turn   | Place    | Note
--------------------------------------------------------------
     0 | D:1      | inmateoo the High Elf Skald began the quest for the Orb.
     0 | D:1      | Reached XP level 1. HP: 14/14 MP: 4/4
   265 | D:1      | Reached skill level 1 in Armour
   338 | D:1      | Reached XP level 2. HP: 8/19 MP: 3/6
   901 | D:2      | Learned a level 2 spell: Song of Slaying
   904 | D:2      | Learned a level 2 spell: Shroud of Golubria
  1003 | D:2      | Reached XP level 3. HP: 17/24 MP: 1/8
  1118 | D:2      | Found an opulent altar of Gozag.
  1173 | D:2      | Found a shattered altar of Ashenzari.
  1297 | D:2      | Reached skill level 4 in Charms
  1297 | D:2      | Reached XP level 4. HP: 26/30 MP: 1/9
  1757 | D:3      | Demolished by an orc

Action                   |  1- 3 |  4- 6 || total
-------------------------+-------+-------++-------
Melee: Short sword       |   135 |    31 ||   166
       Dagger            |       |     8 ||     8
 Cast: Infusion          |     9 |     1 ||    10
  Eat: Chunk             |     1 |     1 ||     2
